AoeStats
← 2ScareD23

Yucatan

510718526Analyzed
2v2 RM · 24h ago on Oct 2, 2026· 43m 26s· 4 players
Game mode
Random Map
Map size
Medium (4 player)
Population
200
Speed
Normal
Resources
Standard
Victory
Conquest
Starting age
Dark Age
Ending age
Imperial Age
RankedLock teamsTeams togetherTeam positionsShared explorationLock speedFull tech treeHidden civsTurbo modeCheats
Victory
Defeat
🇩🇪 Mongols · Germany
1334
+14
🇩🇪 Varangians · Germany
1317
+15
🇹🇷 Burgundians · Türkiye
1328
-16
🇨🇳 Spanish · China
1267
-13
Der Eichler
9:34 Loom
11:20 Feudal Age
12:46 Double-Bit Axe
15:52 Castle Age
13:38 Town Watch
14:13 Forging
14:10 Scale Barding Armor
15:58 Bloodlines
16:47 Husbandry
18:49 Bow Saw
18:28 Horse Collar
25:28 Wheelbarrow
25:55 Heavy Plow
26:49 Fletching
27:32 Bodkin Arrow
31:08 Imperial Age
28:50 Padded Archer Armor
29:02 Gold Mining
30:11 Ballistics
30:50 Thumb Ring
31:23 Hand Cart
31:50 Leather Archer Armor
31:49 Bracer
32:51 Chemistry
32:31 Leather Archer Armor
32:29 Town Watch
34:05 Conscription
35:06 Parthian Tactics
34:26 Elite Mangudai
37:58 Masonry
37:54 Siege Engineers
38:28 Hoardings
38:35 Town Patrol
38:34 Murder Holes
39:51 Gold Shaft Mining
Silvyan
6:48 Loom
12:51 Feudal Age
15:27 Fishing Lines
15:40 Double-Bit Axe
20:07 Castle Age
20:40 Scale Barding Armor
20:46 Forging
22:56 Iron Casting
29:40 Vendel Legacy
30:58 Bloodlines
30:49 Husbandry
31:14 Chain Barding Armor
33:30 Gillnets
37:03 Horse Collar
40:08 Bow Saw
43:10 Imperial Age
41:16 Wheelbarrow
43:12 Cavalier
44:58 Blast Furnace
44:33 Plate Barding Armor
xpy
7:37 Loom
9:59 Feudal Age
10:34 Double-Bit Axe
10:30 Horse Collar
17:07 Castle Age
15:03 Gold Mining
15:06 Stone Mining
18:03 Bow Saw
17:54 Heavy Plow
22:06 Wheelbarrow
21:18 Town Watch
23:31 Hand Cart
25:38 Bloodlines
25:29 Husbandry
27:14 Scale Barding Armor
28:27 Chain Barding Armor
29:17 Forging
30:38 Iron Casting
31:23 Light Cavalry
36:16 Imperial Age
33:51 Fletching
34:39 Stone Mining
34:47 Bodkin Arrow
37:31 Plate Barding Armor
36:31 Cavalier
40:28 Blast Furnace
40:46 Two-Man Saw
40:34 Conscription
41:47 Bracer
42:03 Elite Skirmisher
42:50 Thumb Ring
42:47 Padded Archer Armor
43:49 Chemistry
43:10 Ballistics
43:53 Leather Archer Armor
2ScareD23
1:55 Loom
3:14 Double-Bit Axe
9:41 Wheelbarrow
11:11 Feudal Age
17:30 Castle Age
16:50 Forging
17:47 Scale Mail Armor
18:30 Squires
18:17 Arson
25:16 Hand Cart
Connection lost

Rejoining the realm…

Still unreachable

The connection could not be restored.

Session expired

The server has moved on; the page needs a fresh start.